Unix NetHack Version 5.0.0-0 post-release - last build May 10 2026 23:12:36 (d1fa5d53e341ca933230fdaa984d921c805b60aa,branch:main).

Game began 2026-05-13 16:56:05, ended 2026-05-13 17:04:52.

DiePARTEI, lawful male human Archeologist

                         -
                         .  -
                        -. |.
                        -. ..
                        ..#.
         --              ...
       ---...           -...-          +--
       |.......         |...|           .---+--
           .......      +...|           ......
               ..... ----...|          -..{..
                   .........|  --      |....
                       .....|  .|      +...
                     -----..|  .|---   |..-
                     |...|G.| ..|..-----..|
                     |h..-.G-.|--.........|
                     |...@)G..............|
                     ----|................|
                         ---..|...---------
                           --------

DiePARTEI the Field Worker  St:12 Dx:9 Co:13 In:18 Wi:18 Ch:15  Lawful
Dlvl:6  $:13 HP:0(28) Pw:15(18) AC:7  Xp:3 T:1025 

Latest messages:
 You hear a door open.
 The door resists!
 The door opens.
 You swap places with the peaceful dwarf.
 You feel an unexpected draft.
 You hear crashing rock.
 The door opens.
 In what direction? 6
 The door resists!
 In what direction? 6
 The door resists!
 In what direction? 6
 The door resists!
 In what direction? 6
 The door resists!
 You hear crashing rock.
 In what direction? 6
 The door resists!
 You hear crashing rock.
 You lash the gnome.
 You lash the gnome.
 The gnome hits!
 You kill the gnome!
 In what direction? 6
 The door closes.
 You hear crashing rock.
 The gnome opens a door.
 You stop searching.
 You lash the gnome.
 You kill the gnome!
 The gnome hits!
 What do you want to write with? [- ago or ?*] -
 You write in the dust with your fingertip.
 What do you want to write in the dust here? Elbereth
 The gnome turns to flee.
 The gnome lord turns to flee.
 The gnome lord throws a thonged club!
 A thonged club misses you.
 You stop waiting.
 What do you want to use or apply? [ae-gijs or ?*] i
 Your lamp is now off.
 You hear a door open.
 The gnome lord throws a thonged club!
 You are hit by a thonged club!
 You die...
 Do you want your possessions identified? [ynq] (y) y
 Do you want to see your attributes? [ynq] (y) y
 Do you want an account of creatures vanquished? [ynaq] (y) y
 Do you want to see your conduct and achievements? [ynq] (y) y
 Do you want to see the dungeon overview? [ynq] (y) q

Inventory:
 Coins    ('$')
  $ - 13 gold pieces
 Weapons  (')')
  a - a +2 bullwhip (weapon in left hand)
 Armor    ('[')
  c - an uncursed +0 fedora (being worn)
  m - an uncursed +0 robe (being worn)
  b - a blessed +0 leather jacket (being worn)
 Comestibles  ('%')
  d - 5 uncursed food rations
  k - 4 uncursed tripe rations
 Scrolls  ('?')
  u - an uncursed scroll of enchant weapon
 Spellbooks  ('+')
  j - an uncursed spellbook of chain lightning
 Tools    ('(')
  s - an uncursed sack containing 1 item
  i - an uncursed oil lamp
  e - a +0 pick-axe (alternate weapon; not wielded)
  f - a tinning kit (0:53)
 Gems/Stones  ('*')
  o - 2 uncursed aquamarine stones
  g - an uncursed touchstone

Contents of the sack:
  62 gold pieces

DiePARTEI the Archeologist's attributes:

Background:
 You were a Field Worker, a level 3 male human Archeologist.
 You were lawful, on a mission for Quetzalcoatl
 who was opposed by Camaxtli (neutral) and Huhetotl (chaotic).
 You were left-handed.
 You were in the Gnomish Mines, on level 6.
 You entered the dungeon 1025 turns ago.
 You had 68 experience points, 12 more were needed to attain level 4.

Basics:
 You had 0 out of 28 hit points.
 You had 15 out of 18 energy points (spell power).
 Your armor class was 7.
 Your wallet contained 13 zorkmids, and
 you had 62 more stashed away in your pack.
 Autopickup was off.

Final Characteristics:
 Your strength was 12 (limit:18/100).
 Your dexterity was 9 (limit:18).
 Your constitution was 13 (limit:18).
 Your intelligence was 18 (limit:18).
 Your wisdom was 18 (limit:18).
 Your charisma was 15 (limit:18).

Final Status:
 You weren't hungry.
 You were unencumbered.
 You were wielding a whip.
 You had basic skill with whip.

Final Attributes:
 You were fervently aligned.
 You had automatic searching.
 You were guarded.
 Your spell casting was enhanced by wearing a robe.
 You were lucky.
 You are dead.

Miscellaneous:
 You didn't encounter any bones levels.
 Total elapsed playing time was 8 minutes and 46 seconds.

Major events:
 Turn
    1: DiePARTEI the lawful male human Archeologist entered the dungeon
  748: entered the Gnomish Mines
  897: attained the rank of Field Worker (level 3)
  980: reached Mine Town
 1025: killed by an aklys

Spells:
 Name                 Level Category     Fail Retention
 chain lightning        2   attack        32%  76%-100%

Skills:
 Fighting Skills
   bare handed combat [Unskilled]
   two weapon combat  [Unskilled]
   riding             [Unskilled]
 Weapon Skills
   dagger             [Unskilled]
   knife              [Unskilled]
   pick-axe           [Basic]
   short sword        [Unskilled]
   saber              [Unskilled]
   club               [Unskilled]
   quarterstaff       [Unskilled]
   sling              [Unskilled]
   dart               [Unskilled]
   boomerang          [Unskilled]
   whip               [Basic]
   unicorn horn       [Unskilled]
 Spellcasting Skills
   attack spells      [Unskilled]
   healing spells     [Unskilled]
   divination spells  [Unskilled]
   matter spells      [Unskilled]

Voluntary challenges:
 Character rerolling was not enabled.
 You never genocided any monsters.
 You never polymorphed an object.
 You never changed form.
 You used no wishes.
Achievements:
 You entered the Gnomish Mines.
 You attained the rank of Field Worker.
 You entered Minetown.

 The Dungeons of Doom: levels 1 to 2
    Level 1:
       Some fountains.
    Level 2:
       Some fountains.
       Stairs down to The Gnomish Mines.
 The Gnomish Mines: levels 3 to 6
    Level 3:
    Level 4:
    Level 5:
    Level 6: <- You were here.
       A fountain, a tree.
       Final resting place for
          you, killed by an aklys.


Vanquished creatures:
  7 gnomes
  a gecko
  2 jackals
  a fox
  a kobold
  a goblin
  3 grid bugs
  3 lichens
  3 newts
22 creatures vanquished.

No species were genocided or became extinct.

Game over:
                       ----------
                      /          \
                     /    REST    \
                    /      IN      \
                   /     PEACE      \
                  /                  \
                  |    DiePARTEI     |
                  |      75 Au       |
                  |   killed by an   |
                  |      aklys       |
                  |                  |
                  |                  |
                  |       2026       |
                 *|     *  *  *      | *
        _________)/\\_//(\/(/\)/\//\/|_)_______

Goodbye DiePARTEI the Archeologist...

You died in The Gnomish Mines on dungeon level 6 with 600 points,
and 75 pieces of gold, after 1025 moves.
You were level 3 with a maximum of 28 hit points when you died.

